[Event "Candidates Tournament"]
[Site "Khanty-Mansiysk"]
[Date "2014.03.13"]
[Round "1"]
[White "Andreikin, Dmitry"]
[Black "Kramnik, Vladimir"]
[Result "1/2-1/2"]
[ECO "E36"]
[WhiteElo "2709"]
[BlackElo "2787"]
[Annotator "ChessBase Website"]
[PlyCount "64"]
[EventDate "2014.03.13"]
[EventType "tourn"]
[EventRounds "14"]
[EventCountry "RUS"]
[EventCategory "21"]
[SourceTitle "CBM 160"]
[Source "ChessBase"]
[SourceDate "2014.05.15"]
[SourceVersion "1"]
[SourceVersionDate "2014.05.15"]
[SourceQuality "1"]
[TimeControl "40/7200:20/3600:900+30"]
[WhiteClock "1:25:42"]
[BlackClock "1:14:56"]

1. d4 Nf6 2. c4 e6 3. Nc3 Bb4 4. Qc2 {[%emt 0:00:13]
For Dmitri Andreikin and Vladimir Kramnik, it was an opportunity to see
whether Kramnik would try to bully his way past Andreikin, or whether
Andreikin would be content to neutralize his prestigious opponent. Andreikin
is a superb technical player, but is not one prone to taking risks, and it
bears remembering that during his superb runner-up performance at the World
Cup last year, losing to the former world champion, he had only won a single
classical game, winning nearly all his matches in the rapid tiebreaks.} O-O 5. a3 Bxc3+ 6. Qxc3 d5 7. Nf3 dxc4 8.
Qxc4 b6 9. Bg5 Ba6 10. Qa4 (10. Qc3 h6 11. Bxf6 Qxf6 12. g3 Bb7 13. Bg2
Na6 14. O-O c5 15. Rac1 Rac8 16. Ne5 cxd4 17. Qxd4 Bxg2 18. Kxg2 Nc5 19. b4 Nb3
20. Rxc8 Rxc8 21. Qd7 Rf8 22. f4 Qf5 23. Rf3 Qc2 24. Qd3 Qxd3 25. Rxd3 Nc1 26.
Rd2 Rc8 27. h4 h5 28. b5 Rc7 29. Nc6 Kh7 30. Rb2 a5 31. Kf2 Rd7 32. Ne5 Rc7 33.
Rd2 f6 34. Nd7 Nb3 35. Nf8+ Kg8 36. Rd7 Rxd7 37. Nxd7 Nd4 38. a4 Nxb5 39. axb5
a4 {Nakamura,H (2786)-Kramnik,V (2793) Antalya 2013 1-0}) 10... Qd7 11. Qc2 c5 12. dxc5 Rc8 13. Bxf6 gxf6 14. Qe4 Qb5 15. b4 bxc5 16. e3 Qb7 17. Qg4+ Kf8 18. b5 Bxb5 19. Rb1 a6 20. a4 f5 21. Qf4 $146 (21. Qh4 Qe4 22. Qh6+ Ke7 23. Qg5+ Kf8 24. Qh6+
Ke7 25. Qg5+ Kf8 26. Qh6+ Ke7 {1/2-1/2 (26) Mamedyarov,S (2753)-Kramnik,V 
(2803) Moscow 2013}) 21... Qe4 {[%emt 0:01:21] To those seeing the opening
played for the first time, it might have seemed like sharp action was taking
place, but the entire Nimzo-Indian line played was a rinse-and-repeat
operation that had been seen up until the 21st move last year in
Mamedyarov-Kramnik (Moscow, 2013). That game ended in a draw shortly after on
the 26th move, and today was not a big improvement.} 22. Qxe4 fxe4 23. axb5 exf3 24. b6 Rd8 25. gxf3 Nc6 26. f4 Nb4 27. Bg2 Rab8 28. b7 Nd5 29. O-O Rd7 30. Rfc1 Rdxb7 31. Rxb7 Rxb7 32. Bxd5 exd5 1/2-1/2

[Event "Candidates Tournament"]
[Site "Khanty-Mansiysk"]
[Date "2014.03.14"]
[Round "2"]
[White "Aronian, Levon"]
[Black "Mamedyarov, Shakhriyar"]
[Result "1-0"]
[ECO "D38"]
[WhiteElo "2830"]
[BlackElo "2757"]
[Annotator "ChessBase Website"]
[PlyCount "87"]
[EventDate "2014.03.13"]
[EventType "tourn"]
[EventRounds "14"]
[EventCountry "RUS"]
[EventCategory "21"]
[SourceTitle "CBM 160"]
[Source "ChessBase"]
[SourceDate "2014.05.15"]
[SourceVersion "1"]
[SourceVersionDate "2014.05.15"]
[SourceQuality "1"]
[TimeControl "40/7200:20/3600:900+30"]
[WhiteClock "0:57:55"]
[BlackClock "1:45:08"]

1. d4 Nf6 2. c4 e6 3. Nf3 d5 4. Nc3 Bb4 5. Bg5 Nbd7 6. cxd5 exd5 7. Nd2 c6 8. e3 Nf8 9. Bd3 Ng6 (9... Be7 10. Qc2 Ne6 11. Bh4 g6 12. h3 O-O 13. Nf3 a5 14. g4
b5 15. Ne5 Bb7 16. f4 c5 17. f5 cxd4 18. fxe6 dxc3 19. O-O d4 20. Nxf7 Qd5 21.
Bxf6 Qh1+ 22. Kf2 Qxh3 23. Ke1 cxb2 24. Qxb2 Bb4+ 25. Kd1 Bf3+ 26. Rxf3 Qxf3+
27. Be2 Qxf6 28. g5 Qg7 29. Qxd4 Rxf7 30. exf7+ Qxf7 31. Rc1 Rb8 32. a4 Qb3+
33. Rc2 Qb1+ 34. Rc1 Qb3+ 35. Rc2 Rc8 36. Bc4+ bxc4 37. Qd5+ Kf8 38. Qd7 Re8 {
0-1 (38) Aronian,L (2807)-Ivanchuk,V (2765) Sao Paulo/Bilbao 2011}) 10. O-O O-O 11. f4 $146 (11. Qc2 h6
12. Bxf6 Qxf6 13. Rae1 Nh4 14. f4 Bf5 15. Nf3 Rfe8 16. Nxh4 Bxd3 17. Qxd3 Qxh4
18. Re2 Rad8 19. a3 Bf8 20. b4 Rd7 21. Rf3 Qd8 22. g4 a5 23. bxa5 Qxa5 24. g5
hxg5 25. fxg5 Qxa3 26. g6 Re6 27. gxf7+ Rxf7 28. Ref2 Rxf3 29. Rxf3 b5 30. Rh3
Rf6 31. e4 Qc1+ 32. Kg2 Qe1 33. Rg3 b4 34. Qe2 Qxe2+ 35. Nxe2 dxe4 36. Re3 Re6
37. Ng3 g6 38. Rb3 Kf7 39. Kf2 c5 40. Ke3 c4 {Vokac,M (2479)-Kravtsiv,M (2582)
Pardubice 2012 0-1}) 11... h6 12. Bxf6 Qxf6 13. f5 {[%emt 0:04:45] Levon Aronian had commented in the
round one press conference after his loss that statistically he had a record
for playing better after a loss, and he felt this. He quipped that he had
might as well get it out of the way as early as possible. Still, even he could
not have predicted what happened though, when Shakhriyar Mamedyarov, a great
tactician in his own right, carelessly went astray in a Queen's Gambit, and
fell for a vicious tactic that lost his queen.} Ne7 $2 14.
Nde4 $1 dxe4 15. Nxe4 Qh4 16. g3 Qh3 17. Nf2 Qxf1+ 18. Kxf1 Nxf5 19. Qf3 Nd6 20. e4 f6 21. Bc2 Be6 22.
Nd3 Nc4 23. Kg1 Bd6 24. Nf4 Bxf4 25. gxf4 Rad8 26. f5 Bf7 27. Qc3 Rfe8 28. Bd3 Nb6 29. a4 a6 30. a5 Nc8 31. e5 Ne7 32. e6 Bh5 33. Be4 Nd5 34. Qh3 Be2 35. Kf2 Bb5 36. Rg1 Kh7 37. Qa3 Bc4 38. Rg4 Bb5 39. Rg1 Bc4 40. Rc1 Bb5 41. Bf3 Nf4 42. Rd1 Kh8 43. d5 Nxd5 44. Bh5 1-0

[Event "Candidates Tournament"]
[Site "Khanty-Mansiysk"]
[Date "2014.03.14"]
[Round "2"]
[White "Topalov, Veselin"]
[Black "Anand, Viswanathan"]
[Result "1/2-1/2"]
[ECO "A11"]
[WhiteElo "2785"]
[BlackElo "2770"]
[Annotator "ChessBase Website"]
[PlyCount "108"]
[EventDate "2014.03.13"]
[EventType "tourn"]
[EventRounds "14"]
[EventCountry "RUS"]
[EventCategory "21"]
[SourceTitle "CBM 160"]
[Source "ChessBase"]
[SourceDate "2014.05.15"]
[SourceVersion "1"]
[SourceVersionDate "2014.05.15"]
[SourceQuality "1"]
[TimeControl "40/7200:20/3600:900+30"]
[WhiteClock "1:11:11"]
[BlackClock "1:54:04"]

1. Nf3 d5 2. c4 c6 3. e3 Nf6 4. Nc3 Nbd7 5. Qc2 {[%emt 0:03:27] Topalov-Anand was a classic clash,
in which the Bulgarian sidestepped the massive preparation he knew Anand would
still have stored up from his World Championship match, and played a flexible
Reti setup. This led to uncharted waters as of 7...Bd6. Black gave a pawn to
complete his development and play against the fractured pawn structure, which
was enough to keep the balance but no more.} e5 6. cxd5 Nxd5 7. d4 Bd6 $146 (7... exd4 8. Nxd5 Qa5+ 9. Bd2 Qxd5 10. Bc4 Qh5 11. Nxd4 Nf6 12. f3 a6
13. O-O-O Bd7 14. g4 Qc5 15. Nb3 Qe7 16. e4 Be6 17. Nd4 Bxc4 18. Qxc4 c5 19.
Nf5 Qe6 20. Qa4+ b5 21. Qa5 g6 22. Rhe1 Qc6 23. Bf4 gxf5 24. exf5+ Be7 25. Bd6
Nd5 26. Rxd5 Qxd5 27. Rxe7+ Kf8 28. Rd7+ Ke8 29. Qe1+ {1-0 (29) Nogueiras
Santiago,J (2482)-Abreu Delgado,A (2459) Havana 2004}) 8. dxe5 Nxe5 9. Nxe5 Bxe5 10. Qe4 Qe7 11. Nxd5 cxd5 12. Bb5+ Kf8 13. Qxd5 g6 14. Bd2 Kg7 15. Qxe5+ Qxe5 16. Bc3 Qxc3+ 17. bxc3 Be6 18. Ke2 Rac8 19. Rhc1 Rc5 20. a4 Rhc8 21. Ra3 a6 22. Bd3 b5 23. axb5 axb5 24. Rb1 Rxc3 25. Rxc3 Rxc3 26. Rxb5 Bc4 27. Bxc4 Rxc4 28. Kf3 h5 29. h3 Rc2 30. Rb1 Kf6 31. Re1 g5 32. Ra1 Kg6 33. Ra6+ f6 34. Ra4 h4 35. g3 hxg3 36. Kxg3 Rb2 37. e4 Rb1 38. f3 Rg1+ 39. Kf2 Rh1 40. Kg2 Rb1 41. Ra6 Kf7 42.
Ra5 Kg6 43. Ra6 Kf7 44. Ra2 Ke6 45. Kg3 Rg1+ 46. Rg2 Rxg2+ 47. Kxg2 Ke5 48. Kf2 Kf4 49. Kg2 Ke5 50. Kg3 f5 51. exf5 Kxf5 52.
h4 gxh4+ 53. Kxh4 Kf4 54. Kh3 {[%emt 0:00:04] It is almost ironic that when they
shook hands on move 54, with their bare kings, their game was the first to end,
despite having the most moves played of all the skirmishes in the round.} Kxf3 1/2-1/2

[Event "Candidates Tournament"]
[Site "Khanty-Mansiysk"]
[Date "2014.03.15"]
[Round "3"]
[White "Andreikin, Dmitry"]
[Black "Karjakin, Sergey"]
[Result "1/2-1/2"]
[ECO "C65"]
[WhiteElo "2709"]
[BlackElo "2766"]
[Annotator "ChessBase Website"]
[PlyCount "60"]
[EventDate "2014.03.13"]
[EventType "tourn"]
[EventRounds "14"]
[EventCountry "RUS"]
[EventCategory "21"]
[SourceTitle "CBM 160"]
[Source "ChessBase"]
[SourceDate "2014.05.15"]
[SourceVersion "1"]
[SourceVersionDate "2014.05.15"]
[SourceQuality "1"]
[TimeControl "40/7200:20/3600:900+30"]
[WhiteClock "0:41:29"]
[BlackClock "0:44:38"]

1. e4 e5 2. Nf3 Nc6 3. Bb5 Nf6 4. d3 {[%emt 0:00:
11] This Russian duel was not as interesting as the other one. Andreikin
side-stepped the Berlin variation of the Spanish by playing an early 4.d3 but
he was unable to obtain anything at all from the opening. Some pieces came off
and the opposite colored bishop endgame with queens was an obvious draw that
the players did not play out.} Bc5 5. c3 O-O 6. O-O d6 7. Nbd2 Ne7 8. d4 (8. h3 c6 9. Ba4 Ng6 10. d4
Bb6 11. Re1 Re8 12. Bc2 Bc7 13. Nf1 d5 14. exd5 e4 15. d6 Qxd6 16. N3d2 Bf5 17.
Nc4 Qd7 18. Bg5 Nd5 19. Ng3 Be6 20. Bxe4 Nxc3 21. bxc3 Bxc4 22. Qf3 Qd6 23. a4
Bd5 24. Bd2 Nf8 25. Rab1 b6 26. Qg4 Nd7 27. Bd3 g6 28. Qh4 f5 29. c4 Bf7 30.
Bc3 Qf6 31. Qxf6 Nxf6 32. d5 Nd7 33. dxc6 Nc5 34. Bc2 Bxc4 35. Rbd1 Rxe1+ 36.
Rxe1 Kf7 37. Nf1 Bd5 {Robson,R (2628)-Dominguez Perez,L (2757) St Louis 2014
0-1 (65)}) 8... exd4 9. cxd4 Bb6 10. h3 d5 11. e5 Ne4 12. Bd3 Bf5 13. Qe2 Nc6 14. Rd1 Bxd4 $146 (14... Nxd4 15. Nxd4 Bxd4 16. Bxe4 dxe4 17. Nb3 c5 18. Be3 Qe7 19. Nxd4 cxd4
20. Bxd4 {1/2-1/2 (20) Svidler,P (2723)-Carlsen,M (2776) Gjovik 2009}) 15. Nxe4 dxe4 16. Bxe4 Bxe4 17. Nxd4 Qd5 18. Nxc6 Qxc6 19. f3 Bd5 20. b3 a5 21. Ba3 Rfd8 22. Rac1 Qb6+ 23. Kh1 Be6 24. Rxd8+ Rxd8 25. Rd1 Rxd1+ 26. Qxd1 h6 27. Qd8+ Kh7 28. Qd3+ Kg8 29. Qd8+ Kh7 30. Qd3+ Kg8 1/2-1/2

[Event "Candidates Tournament"]
[Site "Khanty-Mansiysk"]
[Date "2014.03.15"]
[Round "3"]
[White "Svidler, Peter"]
[Black "Kramnik, Vladimir"]
[Result "1/2-1/2"]
[ECO "A39"]
[WhiteElo "2758"]
[BlackElo "2787"]
[Annotator "Marin,M"]
[PlyCount "101"]
[EventDate "2014.03.13"]
[EventType "tourn"]
[EventRounds "14"]
[EventCountry "RUS"]
[EventCategory "21"]
[SourceTitle "CBM 160"]
[Source "ChessBase"]
[SourceDate "2014.05.15"]
[SourceVersion "1"]
[SourceVersionDate "2014.05.15"]
[SourceQuality "1"]
[TimeControl "40/7200:20/3600:900+30"]
[WhiteClock "0:18:15"]
[BlackClock "0:23:05"]

1. c4 c5 2. Nf3 Nf6 3. Nc3 Nc6 4. g3 g6 5. d4 cxd4 6. Nxd4 Bg7 7. Bg2 O-O 8. O-O Nxd4 9. Qxd4 d6 10. Qd3 Be6 $5 ({Black
usually develops the bishop after} 10... a6 {possibly followed by ...Rb8. A
recent game went} 11. Bg5 $5 (11. Bd2) (11. Be3) 11... Rb8 12. a4 {1-0 (59)
Edouard,R (2653)-Mista,A (2582) Germany 2013 CBM 158 [Meyer,CD]}) 11. Bd2 ({There is nothing wrong with taking the pawn. Black is mainly
struggling, but maybe concrete analysis proves he can reach an equality after
long forced lines.} 11. Bxb7 Rb8 12. Bg2 Qa5 13. b3 Rxb3 14. axb3 Qxa1 15. Nb5
(15. Bd2 {Donaldson,J (2399)-Watson,J (2345) Seattle 2003 CBM 093 [Ribli] (1/
2-1/2, 28)}) (15. Be3 Qa5 16. Nb5 Bf5 17. Qd1 a6 18. Nd4 Bd7 19. Qa1 Qb4 20.
Qxa6 Ng4 $44 {Palac,M (2561)-Rogulj,B (2418) Zagreb 2014 (1/2-1/2, 22)}) 15...
Qa2 16. Nd4 Bd7 $14 {(1-0, 38) Cyborowski,L (2564)-Kovalev,A (2572) Krakow 2004
}) 11... Qc8 ({It is worth mentioning
that Kramnik had had this position with White in a blitz game:} 11... Qd7 12.
Rfd1 Ng4 13. b3 Ne5 14. Qe4 Rab8 15. Rac1 Bf5 16. Qh4 Bf6 17. Bg5 Bxg5 18. Qxg5
$14 {Kramnik-Anand, Moscow (blitz) 2009}) 12. b3 Bh3 {[%emt 0:
00:10] White somewhat relieves White's pressure after exchanging the second
minor piece, but the space advantage has a long term character.} 13. Rac1 (13. Rad1 Bxg2 14. Kxg2 a6 15. a4 $14 {1/2-1/2 (31) Romanishin,
O (2600)-Neverov,V (2515) Donetsk 1998 CBM 068 [Ribli]}) 13... Bxg2 14. Kxg2 Qc6+ $146 {[%emt 0:10:53] This novelty does
not change anything essentially.} (14... Rd8 15. Rfd1 Rd7 16. e4 Ng4 17. Qe2
Ne5 18. f4 Nc6 19. Be3 b6 20. h4 Qb7 21. h5 e6 22. Qf3 Re8 23. Rd2 $14 a6 $6
24. Na4 {For reasons I do not understand now, in Marin-Lupu, Manresa 1996 I
accompanied the last move with a draw offer, which was immediately accepted.
Being a Hedgehog player with Black myself, I probably overestimated the
counterplay based on} b5 {In fact, after} 25. Nb6 Rdd8 26. Rcd1 $16) (14... e6
15. Rfd1 Rd8 16. Bg5 Rd7 17. Bxf6 $5 {This could have eventually led to
brilliancies.} (17. Qf3 Ne8 18. Rd3 Qc6 19. e4 Rc8 20. a4 {Neverov,V (2490)
-Dvoirys,S (2550) St Petersburg 1995 (1/2-1/2, 31)}) 17... Bxf6 18. Qf3 Bxc3 $6
(18... Bg7 19. Ne4 Qc6 20. h4 {offers White only some light pressure.}) 19.
Rxc3 Qc5 20. Qf6 Rc8 21. Rf3 $14 b5 $2 {In Jirovsky,M (2420)-Neverov,V (2515)
Lazne Bohdanec 1996 (1-0, 49) this thematic break could once again have led to
disastrous consequences.} 22. cxb5 Qxb5 23. Rxd6 $3 Rxd6 24. Qxf7+ Kh8 25. Qe7
$3 Qd5 $8 (25... Qd7 26. Rf8+ Rxf8 27. Qxf8#) (25... Rdd8 26. Rf7 $18) 26. e4
$1 Qxe4 27. Qxd6 $18) 15. f3 e6 16. Rfd1 Rad8 17. Bf4 Rd7 18. Qe3 (18. e4 $14)
18... b6 19. Rd3 Rc8 20. Qd2 Ne8 21. e4 $14 {[%emt 0:04:35][%csl Gd6]
Play is rather one-sided. Black's attempt to undermine the white space
advantage with ...b6-b5 will only create new weaknesses.} a6 $6 (21... Qc5 $5 22. Rd1 Rcd8 23.
h4 $14) 22. e5 h6 23. h4 Rcd8 24. Rd1 b5 (24... Kh7
25. a4 $16) 25. c5 $1 {[%emt 0:05:55] After this thematic break, the game will
oscillate between +/- and +/= until eventually reaching = by means of !!} Qxc5 (25... d5 26. b4 $16 ) 26. Ne4 Qb6 27. Nxd6 (27. Be3 Qb8 28. Nc5 $1
Bxe5 (28... Ra7 29. exd6 $18) 29. Nxd7 Rxd7 30. Bxh6 {[%cal Gh4h5] /\h5} Nf6
31. Re1 Qb7 32. h5 $1 $16 Nxh5 $2 33. Rxe5 $1) 27... Bf8 28. h5 (28. Bxh6 $6 Nxd6 29. Bxf8 Ne4 $1) (28.
Be3 Qb8 29. Bxh6 Nxd6 30. Bg5 Ne4 31. Rxd7 Nxd2 32. Rxd8 Qxe5 33. R1xd2 Kg7 $14 ) (28. Nc8 $1 Rxd3 29. Nxb6 Rxd2+ 30. Rxd2 Rxd2+ 31. Bxd2 Nc7 32.
Nd7 $16 ) 28... Nxd6 (28... g5 $2 29. Bxg5 hxg5 30. Qxg5+ Kh8 31. Nxe8 $1 Rxd3 32.
Nf6 Bg7 33. h6 $18) 29. exd6 g5 30. Be5 Rc8 (30... Bg7 $1 $14) 31. Rc1 Rxc1 32. Qxc1 Qb7 (32...
Bxd6 33. Qd1 (33. Qd2 $2 Bb4 $1) 33... Bxe5 34. Rxd7) (32... Bg7 33. Bxg7 (33.
Qc7 $5 Rxc7 34. dxc7 Bxe5 35. c8=Q+ Kg7 $14) 33... Kxg7 34. Qc3+ Kg8 35. Qc8+
Rd8 36. Qc7 Qb8 37. Kf2 $16) 33. g4 b4 34.
Qc4 Bg7 35. Bg3 (35. Bxg7
Kxg7 $14) 35... Qb5 36. Be1 (36. Qxb5 axb5
37. f4 gxf4 38. Bxf4 $16) 36... Qe5 37. Bg3 Qe2+ 38. Bf2 Bf8 39. Qxa6 e5 $6 ({The counterplay started with this
move will result in a briliancy, but the simple} 39... Qe5 $1 $11 {would have
retrieved the pawn and saved the game at once.}) 40. Qc4 Qxa2 41. Qc6 $2 (41. Qxb4 $16) 41... e4 $1 42. fxe4 Qe2 43. Rf3 Rxd6 44. Qe8 f6 45. e5 {[%emt 0:00:34] Svidler must have put big hopes in this pawn break.
The threat is Qg6+ followed by exd6 and the black rook does not have safe
squares along the sixth rank.} f5 $3 (45... Qxe5 46. Qxe5 fxe5
47. Rxf8+ Kxf8 48. Bc5 Ke7 49. Bxb4 $1 $18) (45... Ra6 46. Qc8 Rb6 47. Qf5 ) (45... Rb6 46. Kg3 Ra6 47. Re3 )
46. gxf5 Rf6 $1 47. Kg3 (47.
Re3 Qg4+ 48. Bg3 Ra6 $1 $132 ) 47... Qe4 48. Bc5 Qe1+ 49. Bf2 Qe4 50. Bc5 Qe1+ 51. Bf2 1/2-1/2

[Event "Candidates Tournament"]
[Site "Khanty-Mansiysk"]
[Date "2014.03.17"]
[Round "4"]
[White "Anand, Viswanathan"]
[Black "Kramnik, Vladimir"]
[Result "1/2-1/2"]
[ECO "D39"]
[WhiteElo "2770"]
[BlackElo "2787"]
[Annotator "ChessBase Website"]
[PlyCount "60"]
[EventDate "2014.03.13"]
[EventType "tourn"]
[EventRounds "14"]
[EventCountry "RUS"]
[EventCategory "21"]
[SourceTitle "CBM 160"]
[Source "ChessBase"]
[SourceDate "2014.05.15"]
[SourceVersion "1"]
[SourceVersionDate "2014.05.15"]
[SourceQuality "1"]
[TimeControl "40/7200:20/3600:900+30"]
[WhiteClock "1:04:51"]
[BlackClock "1:23:48"]

1. d4 {[%emt 0:00:08] A fabulous and exciting game, which was unfortunately
rather short. Kramnik busted out his Vienna which is a sharp and interesting
line, accepting a pawn sacrifice for which White obtains a strong initiative.
Anand's opening was not the best and it allowed Kramnik a creative and
powerful counterplay that resulted in a perpetual check.} Nf6 2. c4 e6 3. Nf3 d5 4. Nc3 dxc4 5. e4 Bb4 6. Bg5 c5 7. Bxc4 cxd4 8. Nxd4 Bxc3+ 9. bxc3 Qa5 10. Bb5+ Nbd7 11. Bxf6 Qxc3+ 12. Kf1 gxf6 13. h4 a6 14. Rh3 Qb4 15. Be2 Ne5 16. h5 (16. Rc1 Qd6 17. Rc2 Bd7 18. Rd2 Qc7
19. Rc2 Qd6 20. Rd2 Qc7 21. Rc2 {1/2-1/2 (21) Grischuk,A (2746)-Kramnik,V 
(2781) Moscow 2011}) 16... Qd6 17. Qd2 Nc6 18. Rd3 Qh2 19. f4 Rg8 20. Bf3 Bd7 21.
Ne2 Qh1+ 22. Ng1 Nd4 23. Rxd4 Bb5+ 24. Kf2 Qh4+ 25. Ke3 e5 26. fxe5 Qg5+ 27. Kf2 Qg3+ 28. Ke3 Qg5+ 29. Kf2 Qg3+ 30. Ke3 Qg5+ 1/2-1/2

[Event "Candidates Tournament"]
[Site "Khanty-Mansiysk"]
[Date "2014.03.18"]
[Round "5"]
[White "Andreikin, Dmitry"]
[Black "Anand, Viswanathan"]
[Result "1/2-1/2"]
[ECO "C65"]
[WhiteElo "2709"]
[BlackElo "2770"]
[Annotator "ChessBase Website"]
[PlyCount "84"]
[EventDate "2014.03.13"]
[EventType "tourn"]
[EventRounds "14"]
[EventCountry "RUS"]
[EventCategory "21"]
[SourceTitle "CBM 160"]
[Source "ChessBase"]
[SourceDate "2014.05.15"]
[SourceVersion "1"]
[SourceVersionDate "2014.05.15"]
[SourceQuality "1"]
[TimeControl "40/7200:20/3600:900+30"]
[WhiteClock "0:32:08"]
[BlackClock "1:18:36"]

1. e4 e5 2. Nf3 Nc6 3. Bb5 Nf6 4. d3 {[%emt 0:00:
31] Andreikin's anti-Berlin left much to be desired and he was slowly
outplayed by Anand. He was able to pull himself together and organize a solid
defense, but Black's position was always superior. The simplification to the
endgame was well timed by the Russian and although it is arguable that Anand
could have pressed the final position a little, it was surely a drawn endgame.}
Bc5 5. Bxc6 dxc6 6. Be3 (6. h3 Nd7 7. Be3 Bd6 8. Nc3 c5 9. O-O Nf8 10. Nd2 Ng6 11. Nc4
Be6 12. Ne2 Qd7 13. Nxd6+ cxd6 14. f4 exf4 15. Nxf4 Nxf4 16. Rxf4 b6 17. Qh5 d5
18. d4 c4 19. b3 Qc6 20. Raf1 O-O-O 21. bxc4 Qxc4 22. Rxf7 Bxf7 23. Rxf7 Rd7
24. Rxd7 Kxd7 25. exd5 g6 26. Qg4+ Kc7 27. Qe6 Kb7 28. Qe7+ Qc7 29. Qe4 Qd7 30.
d6+ Ka6 31. Bf4 Rc8 32. Kh2 Rc4 33. Bg3 Rc8 34. Qd3+ Kb7 35. c4 Qc6 {Carlsen,M
(2872)-Caruana,F (2782) Zuerich 2014 1-0}) 6... Bxe3 7. fxe3 Qe7 8. O-O O-O $146 (8... Ng4 9. Qd2 f6 10. Nh4 g6 11. Nc3 Bd7 12. Rf3 f5 13. g3 Nf6 14.
exf5 g5 15. Ng2 e4 16. Nxe4 Nxe4 17. dxe4 O-O-O 18. Qa5 Qxe4 19. Qxa7 Bxf5 20.
Raf1 Bh3 21. Qa8+ Kd7 22. Qa3 Kc8 23. Qa8+ Kd7 24. Rf7+ Ke8 25. Rf8+ Rxf8 26.
Rxf8+ Kxf8 27. Qxd8+ Kf7 28. Qd2 Ke8 29. Ne1 Qc4 30. Qd3 Qb4 31. Nf3 Qxb2 32.
Nxg5 Qa1+ 33. Kf2 Qf6+ 34. Nf3 Bf5 35. Qd4 Qf7 36. Qh8+ Ke7 37. Qe5+ Kd7 38.
Qd4+ {Sutovsky,E (2655)-Carlsen,M (2714) Heraklio 2007 1/2-1/2 (86)}) 9. Qe1 Ne8 10. Qc3 f6 11. b4 Nd6 12. a4 Bd7 13. Nbd2 b6 14. a5 Kh8 15. Ra2 Rab8 16.
axb6 axb6 17. Qa1 Nb7 18. Qc3 c5 19. bxc5 Nxc5 20. Ra7 Rfc8 21. Rfa1 b5 22. d4 exd4 23. exd4 Nxe4 24. Nxe4 Qxe4 25. Rxc7 Bf5 26. Raa7 h6 27. Qd2 Rxc7 28. Rxc7 Bg4 29. Rc3 b4 30. Re3 Qd5 31. h3 Bf5 32. Rb3 Qc4 33. Rb2 Be4 34. Kf2 Bxf3 35. Kxf3 Rb5 36. Qd3 Qxd3+ 37. cxd3 Kg8 38. d5 Kf7 39. Ke4 Ke7 40. Kd4 Kd6 41. Kc4 Rc5+ 42. Kd4 Rxd5+ 1/2-1/2